[Event "Team 45 45 League T56"]
[Site "Internet Chess Club"]
[Date "2013.03.08"]
[Round "3"]
[White "IshanR"]
[Black "Philly-Boy"]
[Result "1/2-1/2"]
[WhiteElo "1802"]
[BlackElo "1812"]
[Opening "Sicilian"]
[ECO "B50"]
[Time "18:03:32"]
[TimeControl "2700+45"]

1. e4 c5 2. Nf3 d6 3. c3 Nf6 4. Bd3 Nc6 5. Bc2 g5 6. Nxg5 Rg8 7. d4 cxd4 8. Bb3
e6 9. O-O h6 10. Nf3 Nxe4 11. cxd4 d5 12. Bf4 Qf6 13. Qc1 Bd6 14. Ne5 Bxe5 15.
Bxe5 Nxe5 16. dxe5 Qxe5 17. Ba4+ Bd7 18. Bxd7+ Kxd7 19. Re1 Rac8 20. Nc3 Qg5 21.
Qxg5 Nxg5 22. Re3 Ke7 23. Nxd5+ Kd6 24. Nc3 Ke7 25. Rd1 Rgd8 26. Red3 Rxd3 27.
Rxd3 Ne4 28. Kf1 Nxc3 29. Rxc3 Rxc3 30. bxc3 b5 31. Ke2 Kd6 32. Kd3 Kc5 33. a3
f5 34. f3 h5 35. g3 e5 36. h3 Kd5 37. g4 hxg4 38. hxg4 fxg4 39. fxg4 e4+ 40. Ke3
Ke5 41. g5 Kf5 42. g6 Kxg6 43. Kxe4 Kf6 44. Kd5 a6 45. Kc5 Ke6 46. Kb6 Kd6 47.
Kxa6 Kc6 {Game drawn by mutual agreement} 1/2-1/2

[Event "Team 45 45 League T56"]
[Site "Internet Chess Club"]
[Date "2013.03.07"]
[Round "3"]
[White "FourKnights"]
[Black "Magagna"]
[Result "1/2-1/2"]
[WhiteElo "1795"]
[BlackElo "1837"]
[Opening "QGD: 6.Nf3"]
[ECO "D55"]
[Time "17:10:52"]
[TimeControl "2700+45"]

1. d4 Nf6 2. c4 e6 3. Nf3 d5 4. Bg5 Be7 5. e3 O-O 6. Nc3 c6 7. Bd3 Nbd7 8. O-O
h6 9. Bh4 Re8 10. Rc1 dxc4 11. Bxc4 b5 12. Bd3 Bb7 13. a3 a5 14. Ne4 Rc8 15. Qe2
Qb6 16. Nfd2 Nxe4 17. Bxe7 Nxd2 18. Bc5 Nxc5 19. dxc5 Qc7 20. Qxd2 Rcd8 21. Qc2
Rd7 22. Rfd1 Red8 23. Be2 e5 24. Rxd7 Rxd7 25. Rd1 Bc8 26. Rxd7 Bxd7 27. b4 Be6
28. Qd2 {Game drawn by mutual agreement} 1/2-1/2

[Event "Team 45 45 League T56"]
[Site "Internet Chess Club"]
[Date "2013.03.11"]
[Round "3"]
[White "CzwartyWymiar"]
[Black "pishd"]
[Result "1-0"]
[WhiteElo "1786"]
[BlackElo "1782"]
[Opening "Caro-Kann: advance variation"]
[ECO "B12"]
[Time "10:01:41"]
[TimeControl "2700+45"]

1. e4 c6 2. d4 d5 3. e5 Bf5 4. h4 Qb6 5. g4 Bd7 6. Nc3 e6 7. Nf3 c5 8. Bg2 cxd4
9. Nxd4 Bb4 10. Be3 Bxc3+ 11. bxc3 Qa5 12. Qd2 Qa6 13. Bf1 Qa5 14. Nb3 Qc7 15.
f4 Bc6 16. Nd4 Ba4 17. Bb5+ Bxb5 18. Nxb5 Qc6 19. Nd6+ Kf8 20. Kf2 h5 21. g5 Ne7
22. Rab1 b6 23. Qd3 g6 24. Rhf1 Kg7 25. Kg1 Nd7 26. Bd4 Nc5 27. Bxc5 Qxc5+ 28.
Qd4 Qc6 29. Rb3 Nc8 30. f5 gxf5 31. Nxf5+ exf5 32. e6+ Kg8 33. exf7+ Kh7 34.
Qxh8+ Kxh8 35. f8=Q+ {Black resigns} 1-0

[Event "Team 45 45 League T56"]
[Site "Internet Chess Club"]
[Date "2013.03.08"]
[Round "3"]
[White "timothysmall56"]
[Black "knightstormala"]
[Result "1/2-1/2"]
[WhiteElo "1594"]
[BlackElo "1799"]
[Opening "Sicilian: Nimzovich-Rossolimo attack (with ...g6, without ...d6)"]
[ECO "B31"]
[Time "20:19:09"]
[TimeControl "2700+45"]

1. e4 c5 2. Nf3 Nc6 3. Bb5 g6 4. O-O Bg7 5. c3 e5 6. d3 f6 7. Be3 d6 8. Qb3 Qe7
9. Nbd2 Be6 10. Nc4 Nh6 11. Qa4 Rc8 12. Qxa7 O-O 13. Bxc6 Rxc6 14. Qa4 f5 15.
Bg5 Qd7 16. exf5 gxf5 17. Na5 Rc7 18. Qxd7 Rxd7 19. Rfe1 Nf7 20. c4 e4 21. dxe4
Bxb2 22. Rab1 Bc3 23. Bd2 Bxa5 24. Bxa5 fxe4 25. Nd2 Ne5 26. Rb3 Nxc4 27. Nxc4
Bxc4 28. Rg3+ Rg7 29. Rxg7+ Kxg7 30. Rxe4 Bxa2 31. Re7+ Rf7 32. Bd8 d5 33. Rxf7+
Kxf7 34. Bb6 c4 35. Bd4 b5 36. f4 b4 37. g4 c3 38. Kf1 Bc4+ 39. Ke1 Bd3 40. Kd1
Be4 41. f5 Bf3+ 42. Kc2 Bxg4 43. f6 Bf5+ 44. Kb3 c2 45. Bb2 d4 46. Kc4 d3 47.
Bc1 Kxf6 48. Kxb4 Ke5 49. Kc3 Ke4 50. Kd2 Kf3 51. Ke1 Kg2 52. h4 h5 53. Bg5 Kf3
54. Kd2 Ke4 55. Bf6 Kd5 56. Bg5 Kc4 57. Bf6 Kb3 58. Kc1 Ka2 59. Bc3 Kb3 60. Bd2
Kc4 61. Be3 Kc3 62. Bg5 Kd4 63. Bf6+ Ke4 64. Bg5 Kf3 65. Kd2 Ke4 66. Bf6 Kd5 67.
Kc1 Kc4 68. Bg5 Kb3 69. Bd2 Ka2 70. Bc3 Be4 71. Bd2 Bf3 {Game drawn by mutual
agreement} 1/2-1/2

[Event "Team 45 45 League T56"]
[Site "Internet Chess Club"]
[Date "2013.03.12"]
[Round "3"]
[White "kidviper"]
[Black "Sir-Sinister"]
[Result "0-1"]
[WhiteElo "1977"]
[BlackElo "2005"]
[Opening "Queen's pawn: Lundin (Kevitz-Mikenas) defense"]
[ECO "A40"]
[Time "19:08:51"]
[TimeControl "2700+45"]

1. d4 Nc6 2. d5 Ne5 3. Nf3 Nxf3+ 4. exf3 e6 5. dxe6 fxe6 6. Bd3 Nf6 7. O-O Bc5
8. Nc3 O-O 9. Bg5 d5 10. Qe2 c6 11. Na4 Bd6 12. Rad1 Qc7 13. h3 b5 14. Nc3 Nh5
15. Qd2 Nf4 16. Ne2 Nxd3 17. Qxd3 a5 18. Rfe1 e5 19. Nc3 Bf5 20. Qd2 Qf7 21. Bh4
Bc7 22. Bg3 d4 23. Ne4 Qxa2 24. c3 Rad8 25. Bh4 Rd7 26. cxd4 Rxd4 27. Qc3 Qd5
28. Qc2 Rf7 29. Rxd4 exd4 30. Qd2 Bxe4 31. Rxe4 c5 32. Qe2 Qd7 33. Re8+ Rf8 34.
Re7 d3 35. Rxd7 dxe2 36. Re7 Rd8 37. Bg3 Rd1+ 38. Kh2 Bxg3+ 39. Kxg3 e1=Q 40.
Ra7 Qe5+ 41. f4 Rd3+ 42. f3 Qe1+ 43. Kg4 Rd5 44. g3 Qe6+ 45. Kh4 Qh6+ 46. Kg4
Qg6+ 47. Kh4 Rh5# {White checkmated} 0-1

[Event "Team 45 45 League T56"]
[Site "Internet Chess Club"]
[Date "2013.03.09"]
[Round "3"]
[White "Inquisiteur"]
[Black "hewdondada"]
[Result "0-1"]
[WhiteElo "1711"]
[BlackElo "1790"]
[Opening "Caro-Kann: Panov-Botvinnik attack"]
[ECO "B13"]
[Time "09:07:49"]
[TimeControl "2700+45"]

1. c4 c6 2. e4 d5 3. exd5 cxd5 4. d4 dxc4 5. Bxc4 e6 6. Nf3 Nf6 7. O-O Bd6 8.
Nc3 a6 9. Bg5 Nbd7 10. Re1 O-O 11. Ne4 Be7 12. Qe2 b5 13. Bb3 Bb7 14. Nxf6+ Nxf6
15. a4 Qb6 16. a5 Qd8 17. Bxe6 Bb4 18. Bxf7+ Rxf7 19. Ne5 Bxe1 20. Nxf7 Kxf7 21.
Rxe1 Qe8 22. Qd2 Qc6 23. f3 Re8 24. Rc1 Qd5 25. Qf4 Qe6 26. Qh4 h6 27. Bxf6 Qxf6
28. Qh5+ Kf8 29. Qc5+ Kg8 30. Rd1 Rc8 31. Qb6 Qe7 32. d5 Qe2 33. Qe6+ Qxe6 34.
dxe6 Re8 35. Rd6 Bc8 36. Kf2 Kf8 37. f4 Ke7 38. Rb6 Kf6 39. Ke3 Rxe6+ 40. Rxe6+
Kxe6 41. Kd4 Kd6 42. b4 h5 43. g3 g6 44. h4 Bf5 {White resigns} 0-1

[Event "Team 45 45 League T56"]
[Site "Internet Chess Club"]
[Date "2013.03.11"]
[Round "3"]
[White "kidcobra"]
[Black "NimzoMal"]
[Result "0-1"]
[WhiteElo "1730"]
[BlackElo "1722"]
[Opening "Pirc: classical (two knights) system"]
[ECO "B08"]
[Time "16:05:29"]
[TimeControl "2700+45"]

1. e4 d6 2. d4 Nf6 3. Nc3 g6 4. Nf3 Bg7 5. Be3 O-O 6. h3 b6 7. Bd3 Bb7 8. Qd2
Nbd7 9. O-O-O c5 10. d5 a6 11. Bh6 b5 12. Bxg7 Kxg7 13. h4 h5 14. Rdg1 Rc8 15.
g4 Nxg4 16. Nh2 Nge5 17. f4 Nxd3+ 18. Qxd3 Qb6 19. Qg3 Rg8 20. Qg5 Kf8 21. f5 b4
22. fxg6 fxg6 23. Qh6+ Kf7 24. Ne2 c4 25. Nf3 Nf6 26. Ng5+ Ke8 27. Ne6 Kd7 28.
N2d4 b3 29. axb3 Qa5 30. Kb1 cxb3 31. Nxb3 Qa4 32. Rxg6 Qxe4 33. Rhg1 Qxc2+ 34.
Ka2 Rxg6 35. Rxg6 Bxd5 36. Nd4 Bxb3+ 37. Nxb3 Rb8 38. Rg3 Rb4 39. Ka3 Qc4 40.
Nc5+ Qxc5 41. b3 Re4+ 42. Kb2 Re2+ 43. Ka1 Qa3+ 44. Kb1 Qb2# {White checkmated}
0-1

[Event "Team 45 45 League T56"]
[Site "Internet Chess Club"]
[Date "2013.03.10"]
[Round "3"]
[White "SirIvanhoe"]
[Black "toukon"]
[Result "0-1"]
[WhiteElo "1457"]
[BlackElo "1727"]
[Opening "Sicilian: closed, 6.Be3"]
[ECO "B26"]
[Time "19:00:26"]
[TimeControl "2700+45"]

1. e4 c5 2. Nc3 Nc6 3. g3 g6 4. Bg2 Bg7 5. d3 d6 6. Be3 e6 7. Qd2 a6 8. Nge2 Rb8
9. O-O b5 10. f4 Nge7 11. g4 f5 12. gxf5 exf5 13. e5 O-O 14. d4 cxd4 15. Nxd4
Nxd4 16. Qxd4 dxe5 17. fxe5 Qxd4 18. Bxd4 Rd8 19. Rad1 Bb7 20. Ne2 Bxg2 21. Kxg2
Nc6 22. c3 Nxe5 23. Nf4 Re8 24. Nd5 Nc4 25. b3 Bxd4 26. cxd4 Ne3+ 27. Nxe3 Rxe3
28. Kf2 Re4 29. Kf3 Rc8 30. Rf2 Kf7 31. d5 Ke7 32. d6+ Kd7 33. Rfd2 Rc3+ 34. Kg2
Re6 35. Kf1 Rc6 36. Rg2 Rcxd6 37. Rc1 Rc6 38. Rd1+ Ke7 39. h4 Red6 40. Re1+ Kf6
41. Rb2 h6 42. Rg2 g5 43. hxg5+ hxg5 44. Rb2 f4 45. Kg2 Kf5 46. Rh1 Rh6 47. Rd1
Rcd6 48. Re1 g4 49. Re8 f3+ 50. Kf1 Rd1+ 51. Kf2 Rh2+ {White resigns} 0-1

[Event "Team 45 45 League T56"]
[Site "Internet Chess Club"]
[Date "2013.03.11"]
[Round "3"]
[White "Innes"]
[Black "otherook"]
[Result "0-1"]
[WhiteElo "1660"]
[BlackElo "1764"]
[Opening "Scandinavian (center counter) defense"]
[ECO "B01"]
[Time "15:00:11"]
[TimeControl "2700+45"]

1. e4 d5 2. exd5 Qxd5 3. d4 e5 4. Bd2 exd4 5. c3 Qe6+ 6. Qe2 Nc6 7. Nf3 Bc5 8.
cxd4 Nxd4 9. Nxd4 Bxd4 10. Nc3 Nf6 11. O-O-O O-O 12. h3 Qxe2 13. Bxe2 Be6 14.
Kc2 Rad8 15. f3 a6 16. g4 Nd5 17. Nxd5 Rxd5 18. f4 f6 19. Bf3 Rdd8 20. f5 Bd5
21. Rhf1 Bxf3 22. Rxf3 Be5 23. b3 Rd5 24. Be1 Rxd1 25. Kxd1 Rd8+ 26. Kc2 Kf7 27.
Re3 Rd5 28. Re4 Ke7 29. h4 Kd6 30. h5 Rd4 31. Rxd4+ Bxd4 32. Bb4+ Bc5 33. Bc3
Kd5 34. Kd3 b5 35. b4 Be7 36. a3 c5 37. bxc5 Bxc5 38. Bb2 h6 39. a4 bxa4 40. Bc3
a3 41. Ba1 a5 42. Bc3 a2 43. Ba1 Bd6 44. g5 Be5 45. gxf6 gxf6 {White resigns}
0-1

[Event "Team 45 45 League T56"]
[Site "Internet Chess Club"]
[Date "2013.03.09"]
[Round "3"]
[White "crazyhorses"]
[Black "Packerfan"]
[Result "0-1"]
[WhiteElo "1398"]
[BlackElo "1907"]
[Opening "Réti: King's Indian attack"]
[ECO "A05"]
[Time "10:09:24"]
[TimeControl "2700+45"]

1. Nf3 Nf6 2. g3 g6 3. Bg2 Bg7 4. O-O d5 5. d3 O-O 6. Nbd2 c5 7. e4 dxe4 8. dxe4
Bg4 9. Re1 Nc6 10. c3 Qd7 11. Qc2 Rfd8 12. Nf1 Qd3 13. Ne3 Bxf3 14. Bxf3 Ne5 15.
Bg2 Qxc2 16. Nxc2 Nd3 17. Re2 e5 18. c4 Rd6 19. b3 Rad8 20. Ba3 b6 21. Ne3 a6
22. Nd5 Nxd5 23. cxd5 f5 24. Rd2 fxe4 25. Bxe4 Nb4 26. Bxb4 cxb4 27. Rc2 Bh6 28.
Kf1 Kf8 29. Ke2 Ke7 30. Rc4 a5 31. Rb1 Kd7 32. Rb2 Rc8 33. Rbc2 Rxc4 34. Rxc4
Rf6 35. h4 Bf8 36. f3 Bc5 37. h5 Kd6 38. hxg6 hxg6 39. Rc1 g5 40. Rh1 g4 41.
fxg4 Rf2+ 42. Kd3 Rxa2 43. Rh7 Rb2 44. Kc4 Rd2 45. Bf5 e4 46. Rd7+ Ke5 47. Be6
e3 48. Rf7 e2 49. Rf5+ Kd6 50. Rf6 e1=Q 51. Bg8+ Kc7 52. Rc6+ Kd8 53. Be6 Qe2#
{White checkmated} 0-1

[Event "Team 45 45 League T56"]
[Site "Internet Chess Club"]
[Date "2013.03.06"]
[Round "3"]
[White "amicusUK"]
[Black "nursey"]
[Result "1/2-1/2"]
[WhiteElo "1618"]
[BlackElo "1646"]
[Opening "QGD: 4.Bg5 Be7"]
[ECO "D53"]
[Time "15:00:57"]
[TimeControl "2700+45"]

1. d4 d5 2. c4 e6 3. Nc3 Nf6 4. Bg5 Be7 5. cxd5 exd5 6. e3 c6 7. Bd3 O-O 8. Qc2
h6 9. Bh4 Re8 10. Nf3 Bg4 11. h3 Bxf3 12. gxf3 Nfd7 13. Bg3 Bf6 14. O-O-O b6 15.
Rhg1 a5 16. a4 Na6 17. Qe2 Nc7 18. Bc2 Rc8 19. Bf4 Kh8 20. Bd6 Re6 21. Qd3 g6
22. Rxg6 fxg6 23. Qxg6 Re7 24. Qxh6+ Kg8 25. Rg1+ Rg7 26. Rxg7+ Bxg7 27. Qh7+
Kf7 28. Qg6+ Kg8 29. Qh7+ Kf7 30. Qg6+ Kg8 31. Qh7+ Kf7 32. Qg6+ Kg8 33. Qh7+
{Game drawn by repetition} 1/2-1/2

[Event "Team 45 45 League T56"]
[Site "Internet Chess Club"]
[Date "2013.03.11"]
[Round "3"]
[White "caglar"]
[Black "stanbeers"]
[Result "1-0"]
[WhiteElo "1494"]
[BlackElo "1527"]
[Opening "Bishop's opening"]
[ECO "C23"]
[Time "13:00:08"]
[TimeControl "2700+45"]

1. e4 e5 2. Bc4 d6 3. Nf3 Bg4 4. d3 Nf6 5. O-O Be7 6. Nbd2 a6 7. c3 b5 8. Bb3
Nbd7 9. Re1 Nc5 10. Bc2 Ne6 11. h3 h5 12. hxg4 hxg4 13. Nh2 g3 14. fxg3 Kd7 15.
Ndf3 Rh5 16. d4 Qh8 17. dxe5 Ng4 18. Nxg4 Rh1+ 19. Kf2 Rxe1 20. Qxe1 Nf4 21.
Bxf4 dxe5 22. Ngxe5+ Kc8 23. Qd2 Bc5+ 24. Be3 Bxe3+ 25. Qxe3 {Black resigns} 1-0

[Event "Team 45 45 League T56"]
[Site "Internet Chess Club"]
[Date "2013.03.10"]
[Round "3"]
[White "xt"]
[Black "Buford-Julep"]
[Result "0-1"]
[WhiteElo "1665"]
[BlackElo "1729"]
[Opening "French: Chigorin variation"]
[ECO "C00"]
[Time "17:03:47"]
[TimeControl "2700+45"]

1. e4 e6 2. Qe2 c5 3. g3 Nc6 4. c3 d5 5. exd5 Qxd5 6. Nf3 e5 7. Bg2 Be7 8. O-O
e4 9. Ne1 Nf6 10. d3 Bg4 11. Qe3 O-O 12. dxe4 Qh5 13. f3 Bh3 14. g4 Qh4 15. g5
Nd7 16. f4 Bxg2 17. Nxg2 Qg4 18. h3 Qe6 19. Qf3 c4 20. f5 Qd6 21. Bf4 Nce5 22.
Qg3 Qb6+ 23. Kh1 Qxb2 24. Bxe5 Nxe5 25. Qxe5 Bxg5 26. Qg3 Bh6 27. Na3 Qxa3 28.
f6 Rfd8 29. fxg7 Qe7 30. Nh4 Qxe4+ 31. Rf3 Rd3 32. Rf1 Rxf3 33. Rxf3 Rd8 34. Nf5
Rd1+ 35. Kh2 Rd2+ 36. Kg1 Qb1+ 37. Rf1 Qb6+ 38. Kh1 Qc6+ 39. Rf3 Bg5 40. Nd4 Qd5
41. Qb8+ Bd8 42. Qg3 Rd3 43. Kg2 Rxc3 44. Qf4 Rxf3 45. Nxf3 c3 46. Kg3 c2 47.
Nd4 c1=Q {White resigns} 0-1

[Event "Team 45 45 League T56"]
[Site "Internet Chess Club"]
[Date "2013.03.10"]
[Round "3"]
[White "LazyPeon"]
[Black "AVEMARIA"]
[Result "1-0"]
[WhiteElo "1805"]
[BlackElo "1636"]
[Opening "QGD Slav: Dutch variation, main line"]
[ECO "D19"]
[Time "15:03:29"]
[TimeControl "2700+45"]

1. d4 d5 2. c4 c6 3. Nf3 Nf6 4. Nc3 dxc4 5. a4 Bf5 6. e3 e6 7. Bxc4 Bb4 8. O-O
O-O 9. Qe2 Nbd7 10. e4 Bg4 11. Bd3 h6 12. e5 Nd5 13. Nxd5 cxd5 14. h3 Bxf3 15.
Qxf3 Be7 16. Qh5 Qe8 17. Bxh6 gxh6 18. Qxh6 f5 19. Qxe6+ Kg7 20. Bxf5 Rd8 21.
Rac1 Bb4 22. Qxe8 Rfxe8 23. Rc7 Re7 24. Rfc1 Nb6 25. Rxe7+ Bxe7 26. Rc7 Kf8 27.
b3 Rb8 28. g3 a5 29. h4 Na8 30. Rc8+ Rxc8 31. Bxc8 b6 32. f4 Kg7 33. f5 Bb4 34.
Kf2 Nc7 35. g4 Bc3 36. Ke3 b5 37. g5 Be1 38. h5 Bh4 39. Kf4 Bf2 40. f6+ Kf8 41.
g6 bxa4 42. bxa4 Be1 43. Kf5 Bc3 44. h6 {Black resigns} 1-0

[Event "Team 45 45 League T56"]
[Site "Internet Chess Club"]
[Date "2013.03.06"]
[Round "3"]
[White "tightfist"]
[Black "pauliewoll"]
[Result "1/2-1/2"]
[WhiteElo "1601"]
[BlackElo "1573"]
[Opening "English: symmetrical variation"]
[ECO "A15"]
[Time "12:12:40"]
[TimeControl "2700+45"]

1. c4 Nf6 2. g3 c5 3. Nc3 d5 4. cxd5 Nxd5 5. d4 Nxc3 6. bxc3 Qd5 7. Nf3 Nc6 8.
e3 Bg4 9. Bg2 e5 10. h3 Bxf3 11. Qxf3 Qxf3 12. Bxf3 exd4 13. Bxc6+ bxc6 14. exd4
cxd4 15. cxd4 Bb4+ 16. Ke2 O-O-O 17. Be3 Rd5 18. Rhc1 Kd7 19. a3 Bd6 20. Rab1
Rb8 21. Kd3 Ra5 22. Rxb8 Rxa3+ 23. Ke4 Bxb8 24. Rb1 Bd6 25. Rb7+ Ke6 26. g4 a5
27. Rb6 Kd7 28. Rb7+ Ke6 29. f4 g6 30. f5+ gxf5+ 31. gxf5+ Kf6 32. h4 Bb4 33.
Bg5+ Kg7 34. h5 h6 35. f6+ Kg8 36. Bxh6 Kh7 37. Bg7 Rh3 38. h6 Bd2 39. Rxf7 Bxh6
40. Bxh6+ Kxh6 41. Ra7 Rh4+ 42. Ke5 Rh5+ 43. Ke6 Rh2 44. Rxa5 Kg6 45. Re5 Rf2
46. Re3 Rxf6+ 47. Kd7 Kf7 48. Re7+ Kf8 49. Re8+ Kf7 50. Re7+ Kf8 51. Re6 Rf4 52.
Rd6 Rf7+ 53. Kxc6 Ke8 54. Re6+ Kd8 55. Rd6+ Kc8 56. Kd5 Kc7 57. Ke6 Rf6+ 58.
Kxf6 Kxd6 59. Kf5 Kd5 60. Kf4 Kxd4 {Game drawn because neither player has mating
material} 1/2-1/2

[Event "Team 45 45 League T56"]
[Site "Internet Chess Club"]
[Date "2013.03.09"]
[Round "3"]
[White "SirIvanhoe"]
[Black "whiskeytown"]
[Result "0-1"]
[WhiteElo "1463"]
[BlackElo "1646"]
[Opening "Pirc defense"]
[ECO "B07"]
[Time "13:01:09"]
[TimeControl "2700+45"]

1. e4 d6 2. d4 Nf6 3. Nc3 g6 4. Be3 Bg7 5. Qd2 c6 6. Bh6 Bxh6 7. Qxh6 Qa5 8. Qd2
Nbd7 9. f3 b5 10. a3 Rb8 11. b4 Qb6 12. Nh3 e5 13. d5 a6 14. Be2 Bb7 15. dxc6
Qxc6 16. Rc1 Rc8 17. Nd1 d5 18. exd5 Qxd5 19. Qxd5 Nxd5 20. O-O Nc3 21. Bd3 O-O
22. Re1 f6 23. Nhf2 Rfd8 24. Ne4 Bxe4 25. Bxe4 Nxe4 26. Rxe4 Nb6 27. Ne3 Rc3 28.
Ra1 Rd4 29. Kf2 Rxe4 30. fxe4 Nc4 31. Nxc4 Rxc4 32. Re1 Rxc2+ 33. Re2 Rxe2+ 34.
Kxe2 Kf7 35. g4 Ke6 36. Ke3 f5 37. g5 fxe4 38. Kxe4 Kd6 39. h3 Ke6 40. h4 Kd6
41. Kf3 Kd5 42. Kg4 e4 43. h5 Kd4 44. hxg6 hxg6 45. Kf4 e3 {White resigns} 0-1

[Event "Team 45 45 League T56"]
[Site "Internet Chess Club"]
[Date "2013.03.10"]
[Round "3"]
[White "alexping"]
[Black "divy7"]
[Result "1-0"]
[WhiteElo "1925"]
[BlackElo "1675"]
[Opening "Dzindzikhashvili defense"]
[ECO "E10"]
[Time "10:05:03"]
[TimeControl "2700+45"]

1. d4 Nf6 2. c4 e6 3. Nf3 a6 4. Nc3 Bb4 5. Bg5 Bxc3+ 6. bxc3 d6 7. e4 h6 8. Bh4
Rg8 9. Bd3 g5 10. Bg3 Nh5 11. Qa4+ Qd7 12. Qc2 f5 13. e5 Qf7 14. exd6 Nc6 15.
Ne5 Qf6 16. Nxc6 bxc6 17. Be5 Qf7 18. dxc7 Kd7 19. g3 Bb7 20. c5 Nf6 21. Rb1 Ra7
22. Bxf6 Qxf6 23. Qb3 Kxc7 24. Qb6+ Kb8 25. Bxa6 Qe7 26. Qxc6 Ka8 27. Bxb7+ Rxb7
28. Kd2 Ka7 29. Rxb7+ Qxb7 30. Qxb7+ Kxb7 31. Re1 Re8 32. Re5 Ra8 33. Rxe6 Rxa2+
34. Ke3 Ra6 35. Rxa6 Kxa6 36. c4 Kb7 37. d5 Kc7 38. Kd4 Kd7 39. Ke5 {Black
resigns} 1-0

[Event "Team 45 45 League T56"]
[Site "Internet Chess Club"]
[Date "2013.03.17"]
[Round "3"]
[White "Freitac"]
[Black "fledermaus"]
[Result "1-0"]
[WhiteElo "1888"]
[BlackElo "1935"]
[Opening "Queen's Indian: 4.g3 Bb7"]
[ECO "E15"]
[Time "14:14:54"]
[TimeControl "2700+45"]

1. d4 e6 2. c4 b6 3. Nf3 Bb7 4. g3 Nf6 5. Bg2 c5 6. O-O cxd4 7. Nxd4 Bxg2 8.
Kxg2 d6 9. Nc3 Be7 10. Bg5 a6 11. Rc1 O-O 12. e3 Qc7 13. Qf3 Nbd7 14. Nc6 Ne5
15. Nxe7+ Qxe7 16. Bxf6 gxf6 17. Qe2 Rac8 18. b3 Qb7+ 19. f3 Rfd8 20. Rfd1 f5
21. e4 fxe4 22. Nxe4 Qe7 23. Nxd6 Rxd6 24. Qxe5 Rcd8 25. Rxd6 Rxd6 26. Re1 f6
27. Qe3 Kg7 28. Re2 Qd8 29. Qe4 e5 30. Qb7+ Kg6 31. Qe4+ Kg7 32. Qg4+ Kf7 33.
Qf5 Kg7 34. h4 Rd2 35. Rxd2 Qxd2+ 36. Kh3 Qxa2 37. Qd7+ Kg6 38. Qg4+ Kf7 39.
Qd7+ Kg6 40. Qe8+ Kg7 41. Qe7+ Kg8 42. h5 Qb1 43. Qxf6 Qh1+ 44. Kg4 e4 45. h6
Qxf3+ 46. Qxf3 exf3 47. Kxf3 Kf7 48. b4 a5 49. bxa5 bxa5 50. Ke3 Ke6 51. Kd4 a4
52. Kc3 Ke5 53. g4 {Black resigns} 1-0

[Event "Team 45 45 League T56"]
[Site "Internet Chess Club"]
[Date "2013.03.10"]
[Round "3"]
[White "jonesey"]
[Black "bahamapapa"]
[Result "1-0"]
[WhiteElo "1884"]
[BlackElo "1798"]
[Opening "Robatsch (modern) defense"]
[ECO "B06"]
[Time "10:03:11"]
[TimeControl "2700+45"]

1. e4 g6 2. Nf3 Bg7 3. d4 c6 4. Nc3 d5 5. Be3 Bg4 6. Qd2 Bxf3 7. gxf3 e6 8.
O-O-O a6 9. f4 Nf6 10. f3 Bh6 11. f5 Bxe3 12. Qxe3 dxe4 13. fxe6 fxe6 14. fxe4
O-O 15. h4 Ng4 16. Qg3 Nf2 17. Bc4 Qe7 18. Qe5 Qg7 19. Bxe6+ Kh8 20. Rhf1 Qxe5
21. dxe5 Re8 22. Rxf2 Rxe6 23. Rf7 Re8 24. e6 a5 25. e5 Na6 26. Ne4 Rxe6 27. Nf6
Rxf6 28. exf6 Nc5 29. Re1 Rd8 30. Ree7 Kg8 31. Rxh7 Ne6 32. f7+ Kxh7 33. f8=Q+
Ng7 {Black resigns} 1-0

[Event "Team 45 45 League T56"]
[Site "Internet Chess Club"]
[Date "2013.03.11"]
[Round "3"]
[White "WillC"]
[Black "gcl"]
[Result "0-1"]
[WhiteElo "1680"]
[BlackElo "1657"]
[Opening "Réti: Nimzovich-Larsen attack"]
[ECO "A06"]
[Time "18:30:28"]
[TimeControl "2700+45"]

1. Nf3 d5 2. b3 Bg4 3. Ne5 Bf5 4. d4 f6 5. Nf3 Nc6 6. Bb2 e6 7. e3 Bd6 8. Bb5
Ne7 9. O-O a6 10. Bd3 Qd7 11. c4 Bxd3 12. Qxd3 dxc4 13. bxc4 Nb4 14. Qb3 c5 15.
Nc3 cxd4 16. exd4 Nd3 17. Rad1 Nxb2 18. Qxb2 O-O 19. Rfe1 Rac8 20. c5 Bf4 21.
Re4 Ng6 22. Qb3 Rfe8 23. Rde1 Kf7 24. g3 Bb8 25. d5 e5 26. Rc4 Ba7 27. c6 bxc6
28. dxc6 Qe6 29. Qb7+ Re7 30. Qxa6 Qf5 31. Nd5 Qxf3 32. Nb6 Rec7 33. Re3 Qd1+
34. Kg2 Bxb6 35. Qxb6 Qd5+ 36. Rce4 Qxc6 37. Qb3+ Qe6 38. Qa3 Rc2 39. Qa7+ R8c7
40. Qa5 Qxa2 41. Qxa2+ Rxa2 42. h4 Rcc2 43. Rf3 Ke6 44. h5 Ne7 45. Rb4 Rcb2 46.
Rc4 Kd6 47. Rd3+ Nd5 48. Rf3 Re2 49. Rg4 Ne3+ 50. Rxe3 Rxe3 51. Rxg7 Ree2 52.
Rxh7 Rxf2+ 53. Kh3 Ke6 54. g4 Rf3+ {White resigns} 0-1

[Event "Team 45 45 League T56"]
[Site "Internet Chess Club"]
[Date "2013.03.12"]
[Round "3"]
[White "parrot9"]
[Black "amicusUK"]
[Result "0-1"]
[WhiteElo "1639"]
[BlackElo "1636"]
[Opening "Caro-Kann: Tartakower (Nimzovich) variation"]
[ECO "B15"]
[Time "15:08:22"]
[TimeControl "2700+45"]

1. e4 c6 2. d4 d5 3. Nc3 dxe4 4. Nxe4 Nf6 5. Nxf6+ exf6 6. Nf3 Bd6 7. Bd3 O-O 8.
O-O Re8 9. c4 Nd7 10. Qc2 Nf8 11. h3 Qc7 12. Be3 Be6 13. Rfe1 Ng6 14. c5 Be7 15.
Qd2 Qd7 16. b4 Bd5 17. Qe2 Bd8 18. Bc4 Bc7 19. Bxd5 Qxd5 20. Qd2 Re4 21. a4 Rae8
22. Qc3 Bf4 23. Bxf4 Nxf4 24. Rxe4 Rxe4 25. Re1 Ne2+ 26. Rxe2 Rxe2 27. a5 Qa2
{White resigns} 0-1

[Event "Team 45 45 League T56"]
[Site "Internet Chess Club"]
[Date "2013.03.08"]
[Round "3"]
[White "koni"]
[Black "SlimeDog2"]
[Result "1/2-1/2"]
[WhiteElo "1872"]
[BlackElo "2092"]
[Opening "Scotch gambit"]
[ECO "C44"]
[Time "03:00:41"]
[TimeControl "2700+45"]

1. e4 e5 2. Nf3 Nc6 3. d4 exd4 4. Bc4 Bb4+ 5. c3 dxc3 6. O-O d6 7. a3 Bc5 8. b4
Bb6 9. Qb3 Qf6 10. Nxc3 Nge7 11. Bb2 Ne5 12. Nxe5 dxe5 13. Nd5 Nxd5 14. exd5 O-O
15. Qg3 Qg6 16. Bxe5 Bf5 17. Bxc7 Bxc7 18. Qxc7 Rac8 19. Qf4 Be4 20. f3 Rxc4 21.
fxe4 Rxe4 22. Qf2 a6 23. Rad1 {Game drawn by mutual agreement} 1/2-1/2

[Event "Team 45 45 League T56"]
[Site "Internet Chess Club"]
[Date "2013.03.08"]
[Round "3"]
[White "cityprosecutor"]
[Black "John3v16"]
[Result "0-1"]
[WhiteElo "1862"]
[BlackElo "1737"]
[Opening "Sicilian defense"]
[ECO "B20"]
[Time "22:02:51"]
[TimeControl "2700+45"]

1. e4 c5 2. d3 Nc6 3. g3 d5 4. exd5 Qxd5 5. Nf3 Bg4 6. Bg2 Nd4 7. Nbd2 Qe6+ 8.
Kf1 Nxf3 9. Nxf3 f6 10. Be3 Qd6 11. h3 Bd7 12. Nd2 Bc6 13. Ne4 Bxe4 14. Bxe4
O-O-O 15. Qf3 Rd7 16. Bf5 e6 17. Bxc5 Qxc5 18. Bxe6 Ne7 19. Bxd7+ Kxd7 20. Qxb7+
Kd8 21. c3 Nc6 22. Kg2 Bd6 23. d4 Qd5+ 24. Kh2 Qf3 25. Rhf1 Re8 26. Qb3 Bxg3+
27. Kg1 Bd6 28. Rae1 Ne7 29. c4 Qh5 30. Re3 Qg5+ 31. Kh1 Qf4 32. Rg3 Nf5 33. Rg2
Re3 34. fxe3 Qxf1+ 35. Rg1 {White resigns} 0-1

[Event "Team 45 45 League T56"]
[Site "Internet Chess Club"]
[Date "2013.03.11"]
[Round "3"]
[White "cys456"]
[Black "CKNIGHT3"]
[Result "1-0"]
[WhiteElo "1840"]
[BlackElo "1637"]
[Opening "Sicilian: closed"]
[ECO "B24"]
[Time "18:02:24"]
[TimeControl "2700+45"]

1. e4 c5 2. Nc3 Nc6 3. g3 g6 4. Bg2 Bg7 5. d3 e6 6. f4 Nge7 7. Nf3 O-O 8. O-O d5
9. e5 a6 10. Ne2 b6 11. c3 Bb7 12. d4 cxd4 13. cxd4 Rc8 14. Bd2 a5 15. Bc3 Ba6
16. Re1 Nf5 17. Qd2 h5 18. b3 Bh6 19. Bh3 b5 20. Bxf5 exf5 21. a3 Qb6 22. b4 a4
23. Nc1 Nd8 24. Nd3 Ne6 25. Nc5 Nxc5 26. dxc5 Qb7 27. e6 Kh7 28. Ng5+ Bxg5 29.
fxg5 fxe6 30. Rxe6 Rfe8 31. Rae1 Rxe6 32. Rxe6 Rd8 33. Qd4 Rf8 34. Rxa6 Qe7 35.
Re6 Qd7 36. Qe5 d4 37. Re7+ Rf7 38. Rxd7 Rxd7 39. Bxd4 Kg8 40. Qh8+ Kf7 41. Qg7+
Ke8 42. Qg8+ Ke7 43. Bf6# {Black checkmated} 1-0